AoeStats
← 帝国的铁汉

Arabia

509321422Analyzed
1v1 RM · 6d ago on Sep 26, 2026· 34m 33s· 2 players
Game mode
Random Map
Map size
Tiny (2 player)
Population
200
Speed
Normal
Resources
Standard
Victory
Conquest
Starting age
Dark Age
Ending age
Imperial Age
RankedLock teamsTeams togetherTeam positionsShared explorationLock speedFull tech treeHidden civsTurbo modeCheats
Victory
Defeat
🇬🇷 Danes · Greece
1804
+10
🇨🇳 Persians · China
1669
-10
Dr_Sandman
6:26 Loom
9:25 Feudal Age
9:29 Man-at-Arms
15:00 Arson
16:18 Fletching
17:31 Double-Bit Axe
21:57 Castle Age
21:26 Horse Collar
21:49 Scale Mail Armor
22:42 Squires
22:02 Pikeman
23:02 Chain Mail Armor
23:39 Gambesons
24:20 Bow Saw
28:42 Wheelbarrow
30:56 Hand Cart
33:11 Forging
33:11 Gold Mining
33:11 Stone Mining
33:11 Gold Mining
33:11 Stone Mining
33:23 Heavy Plow
帝国的铁汉
10:55 Loom
13:52 Feudal Age
18:31 Castle Age
16:45 Double-Bit Axe
29:29 Bloodlines
33:23 Scale Barding Armor
Connection lost

Rejoining the realm…

Still unreachable

The connection could not be restored.

Session expired

The server has moved on; the page needs a fresh start.